Unix NetHack Version 5.0.0-0 post-release - last build Jul 14 2026 02:55:29 (1809b74e8187c3a3585e283601c3028b46cbbdcb,branch:main).

Game began 2026-07-17 23:00:28, ended 2026-07-17 23:32:07.

CheBegorr4h, neutral male human Tourist

     -------
     |..)...##########
     |.....|  #      ###############
     |.)....##############  ########
     |.....|  ####o      ########
     |......##Y######    ########
     |.....|             #
     -------

CheBegorr4h the Sightseer   St:11 Dx:13 Co:16 In:12 Wi:9 Ch:16  Neutral
Dlvl:9  $:19 HP:0(46) Pw:12(12) AC:6  Xp:5 T:2862 

Latest messages:
 You hear some noises.
 You hear some noises in the distance.
 The forest centaur wields a mace!
 It bites the forest centaur.
 The forest centaur swings his mace at it.
 The forest centaur misses it.
 The forest centaur hits it.
 The forest centaur swings his mace.
 The forest centaur hits!
 The forest centaur kicks!
 The door resists!
 The door resists!
 The door opens.
 You are no longer invisible.
 The forest centaur wields a bow!
 You hear some noises in the distance.
 You descend the stairs.
 You see here 9 arrows.
 Please move the cursor to a monster, object or location.
 (For instructions type a '?')
 @        a human or elf (human tourist called CheBegorr4h)
 You miss the owlbear.
 The owlbear hits!
 The owlbear just misses!
 You climb up the stairs.
 You hear some noises in the distance.
 You feel an unexpected draft.
 An arrow misses you.
 The arrow falls down the stairs.
 What do you want to zap? [VZ or ?*] ?
 In what direction? .
 Gee!  All of a sudden, you can't see yourself.
 The forest centaur shoots an arrow!
 You are hit by an arrow!
 You descend the stairs.
 There is a staircase up to level 8 here.
 You see here an arrow.
 The owlbear hits!
 The owlbear hits again!
 The owlbear hits!
 The owlbear just misses!
 You hear crashing rock.
 What do you want to use or apply? [eglKPRSVWZ or ?*] ?
 In what direction? h
 The owlbear is blinded by the flash!
 The owlbear turns to flee.
 The owlbear hits!
 The owlbear hits again!
 You die...
 Do you want your possessions identified? [ynq] (y) q

Inventory:
 Coins    ('$')
  $ - 19 gold pieces
 Weapons  (')')
  a - 20 blessed +2 darts
  U - 5 +0 daggers (at the ready)
  k - a +0 elven dagger (weapon in right hand)
 Armor    ('[')
  B - an uncursed +0 orcish helm (being worn)
  d - an uncursed +0 studded leather armor (being worn)
 Comestibles  ('%')
  z - an uncursed slime mold
  b - an uncursed apple
  m - an uncursed cram ration
  A - an uncursed pear
 Potions  ('!')
  w - an uncursed potion of healing
  x - a cursed potion of healing
 Rings    ('=')
  y - an uncursed ring of polymorph control (on left hand)
 Wands    ('/')
  V - a wand of make invisible (0:3)
  Z - a wand of secret door detection (0:8)
 Tools    ('(')
  P - an uncursed bag of holding containing 31 items
  K - a magic flute (0:8)
  l - an expensive camera (0:39)
  e - an uncursed lock pick
  R - a blessed magic lamp (lit)
  W - an uncursed magic whistle
  S - an uncursed stethoscope
  g - an uncursed towel named ok

Contents of the bag of holding:
  637 gold pieces
  15 blessed +2 darts
  a cursed -1 dented pot
  an uncursed +0 Hawaiian shirt with a ukulele motif
  2 uncursed slime molds
  an uncursed clove of garlic
  an uncursed cram ration
  2 uncursed food rations
  3 uncursed pears
  3 uncursed tripe rations
  a blessed scroll of identify named ok
  2 uncursed scrolls of identify
  an uncursed scroll of remove curse
  an uncursed scroll of enchant armor
  2 uncursed scrolls of enchant weapon
  an uncursed scroll of teleportation
  a blessed scroll of confuse monster
  an uncursed scroll of confuse monster named ok
  2 blessed scrolls of blank paper
  an uncursed scroll of blank paper
  4 uncursed scrolls of magic mapping
  a blessed scroll of magic mapping
  an uncursed potion of water
  an uncursed potion of confusion
  an uncursed potion of gain energy
  an uncursed potion of oil
  an uncursed potion of polymorph
  a +0 pick-axe named ok
  a tinning kit (0:53)
  an uncursed jet stone
  an uncursed worthless piece of yellow glass

CheBegorr4h the Tourist's attributes:

Background:
 You were a Sightseer, a level 5 male human Tourist.
 You were neutral, nominally on a mission for The Lady
 who was opposed by Blind Io (lawful) and Offler (chaotic).
 You were right-handed.
 You were in the Dungeons of Doom, on level 9.
 You entered the dungeon 2862 turns ago.
 It was nighttime.
 There was a new moon in effect when your adventure ended.
 You had 241 experience points, 79 more were needed to attain level 6.

Basics:
 You had 0 out of 46 hit points.
 You had all 12 energy points (spell power).
 Your armor class was 6.
 Your wallet contained 19 zorkmids, and
 you had 637 more stashed away in your pack.
 Autopickup was on for '$!/(' plus thrown, with exceptions.

Final Characteristics:
 Your strength was 11 (limit:18/100).
 Your dexterity was 13 (limit:18).
 Your constitution was 16 (limit:18).
 Your intelligence was 12 (limit:18).
 Your wisdom was 9 (limit:18).
 Your charisma was 16 (limit:18).

Final Status:
 You weren't hungry.
 You were unencumbered.
 You were wielding a dagger.
 You had basic skill with dagger.

Final Attributes:
 You were piously aligned.
 You were invisible.
 You were warded.
 You had polymorph control.
 You are dead.

Miscellaneous:
 You didn't encounter any bones levels.
 Total elapsed playing time was 31 minutes and 39 seconds.

Major events:
 Turn
    1: CheBegorr4h the neutral male human Tourist entered the dungeon
  423: entered the Gnomish Mines
  728: attained the rank of Sightseer (level 3)
 2862: killed by an owlbear

You didn't know any spells.

Skills:
 Fighting Skills
   bare handed combat [Unskilled]
   two weapon combat  [Unskilled]
   riding             [Unskilled]
 Weapon Skills
   dagger             [Basic]
   knife              [Unskilled]
   axe                [Unskilled]
   pick-axe           [Unskilled]
   short sword        [Unskilled]
   broadsword         [Unskilled]
   long sword         [Unskilled]
   two-handed sword   [Unskilled]
   saber              [Unskilled]
   mace               [Unskilled]
   morning star       [Unskilled]
   flail              [Unskilled]
   hammer             [Unskilled]
   quarterstaff       [Unskilled]
   polearms           [Unskilled]
   spear              [Unskilled]
   trident            [Unskilled]
   lance              [Unskilled]
   bow                [Unskilled]
   sling              [Unskilled]
   crossbow           [Unskilled]
   dart               [Basic]
   shuriken           [Unskilled]
   boomerang          [Unskilled]
   whip               [Unskilled]
   unicorn horn       [Unskilled]
 Spellcasting Skills
   divination spells  [Unskilled]
   enchantment spells [Unskilled]
   escape spells      [Unskilled]

Voluntary challenges:
 Character rerolling was not enabled.
 You followed a strict vegan diet.
 You were an atheist.
 You never genocided any monsters.
 You never polymorphed an object.
 You never changed form.
 You used no wishes.
Achievements:
 You entered the Gnomish Mines.
 You attained the rank of Sightseer.
 You entered a shop.

 The Dungeons of Doom: levels 1 to 9
    Level 1:
       Some fountains.
    Level 2:
       Some fountains.
       Stairs down to The Gnomish Mines.
    Level 3:
       A tool shop.
    Level 4: "8xSB"
       Some fountains.
    Level 5:
       An altar.
    Level 6:
       A grave.
    Level 7:
       Many fountains, a grave.
    Level 8:
       A throne.
    Level 9: <- You were here.
       Final resting place for
          you, killed by an owlbear.
 The Gnomish Mines:
    Level 3:


Vanquished creatures:
  a rock piercer
  a yellow light
  a shrieker
  a paper golem
  a little dog
  a floating eye
  a homunculus
  a rabid rat
  a giant bat
  2 iguanas
  2 acid blobs
  3 coyotes
  a gas spore
  3 hobbits
  a manes
  a giant rat
  a green mold
  a red mold
  4 gnomes
  2 geckos
  4 jackals
  2 foxes
  3 kobolds
  a goblin
  4 grid bugs
  a lichen
  3 kobold zombies
  5 newts
53 creatures vanquished.

No species were genocided or became extinct.

Game over:
                       ----------
                      /          \
                     /    REST    \
                    /      IN      \
                   /     PEACE      \
                  /                  \
                  |   CheBegorr4h    |
                  |      656 Au      |
                  |   killed by an   |
                  |     owlbear      |
                  |                  |
                  |                  |
                  |       2026       |
                 *|     *  *  *      | *
        _________)/\\_//(\/(/\)/\//\/|_)_______

Aloha CheBegorr4h the Tourist...

You died in The Dungeons of Doom on dungeon level 9 with 1735 points,
and 656 pieces of gold, after 2862 moves.
You were level 5 with a maximum of 46 hit points when you died.

